 Dungeon Crawl Stone Soup version 0.23-a0-344-ge122d05 (webtiles) character file.

1006 galech the Chopper (level 8, 57/61 HPs)
             Began as a Demonspawn Fighter on Oct 19, 2018.
             Quit the game on level 5 of the Dungeon.
             The game lasted 00:04:55 (4153 turns).

galech the Chopper (Demonspawn Fighter)             Turns: 4153, Time: 00:04:56

Health: 57/61      AC: 13    Str: 16    XL:     8   Next: 0%
Magic:  8/8        EV:  3    Int: 11    God:
Gold:   195        SH:  9    Dex: 14    Spells: 7/7 levels left

rFire    . . .     SeeInvis .   h - +1 hand axe (elec)
rCold    . . .     Gourm    .   c - +0 shield
rNeg     . . .     Faith    .   v - +0 plate armour
rPois    .         Spirit   +   (helmet restricted)
rElec    .         Reflect  .   t - scarf {Spirit}
rCorr    .         Harm     .   (no gloves)
MR       .....                  (no boots)
Stlth    ..........             j - amulet of the acrobat
HPRegen  0.20/turn              (no ring)
MPRegen  0.11/turn              (no ring)

@: no status effects
A: antennae 1, thin metallic scales 1, demonic guardian 1, nightstalker 1
a: no special abilities


You were on level 5 of the Dungeon.
You were not hungry.

You visited 1 branch of the dungeon, and saw 5 of its levels.

You collected 195 gold pieces.

Inventory:

Hand Weapons
 a - a +0 war axe
 h - a +1 hand axe of electrocution (weapon)
Armour
 c - a +0 shield (worn)
 t - a scarf of spirit shield (worn)
 v - a +0 plate armour (worn)
Jewellery
 j - an amulet of the acrobat (around neck)
 l - an uncursed amulet of guardian spirit {unknown}
Scrolls
 e - 4 scrolls of teleportation
 g - a scroll of fog
 m - a scroll of magic mapping
 n - 5 scrolls of remove curse
 q - a scroll of enchant weapon
Potions
 b - a potion of resistance {unknown}
 d - a potion of might
 i - 2 potions of heal wounds {unknown}
 k - a potion of ambrosia {unknown}
 o - 2 potions of curing {unknown}
 s - 2 potions of haste {unknown}
Comestibles
 f - 9 rations


   Skills:
 + Level 4.4 Fighting
 + Level 6.1 Axes
 + Level 4.3 Armour
 + Level 1.2 Dodging
 + Level 1.1 Stealth
 + Level 4.3 Shields


You had 7 spell levels left.
You didn't know any spells.
Your spell library was empty.

Dungeon Overview and Level Annotations

Branches:
Dungeon (5/15)
 Temple: D:4-7

Altars:
Ashenzari
Cheibriados
Dithmenos
Gozag
Nemelex Xobeh
Ru
Vehumet
Yredelemnul

Shops:
D:4 %


Innate Abilities, Weirdness & Mutations

You have a pair of small antennae on your head.
You are partially covered in thin metallic scales. (AC +2)
A weak demonic guardian rushes to your aid.
You are slightly more attuned to the shadows.


Message History

Lightning courses through the giant cockroach!
You kill the giant cockroach!
No target in view!
No target in view!
No target in view!
No target in view!
No target in view!
No target in view!
No target in view!
No target in view!
An adder comes into view.
The adder hisses angrily.
You hit the adder but do no damage. Lightning courses through the adder!
You kill the adder!
You have reached level 8!
You feel clever.
Your demonic ancestry asserts itself...
You slip into the darkness of the dungeon.
Unknown command.
n - 5 scrolls of remove curse (gained 1) Are you sure you want to abandon this character and quit the game? (Confirm

###.##.. .#
#.#..... .. ....
.# #.#..... #.
...##
.###....... #.#
#..##.#...#.####
##..
#.#..#.###...##
#...####...##.#
###...
#..........#
#.#.
#..........#
#.#.
#.@........#
#...
#######.####
##.# #.# #.# #.#
#.# #.# #.# #.
#.# #.# #.# #..


There were no monsters in sight!

Vanquished Creatures
  A phantom (D:5)
  An ogre (D:4)
  A scorpion (D:4)
  A wight (D:4)
  A jelly (D:5)
  Jessica (D:3)
  2 iguanas (D:4)
  2 worker ants (D:4)
  7 gnolls
  7 adders
  An ooze (D:2)
  An adder skeleton (D:4)
  7 worms
  2 leopard geckos
  3 orcs (D:3)
  4 giant cockroaches
  5 goblins
  5 hobgoblins
  8 jackals (D:3)
  A quokka (D:3)
  5 bats
  2 frilled lizards
  9 kobolds
  8 rats
85 creatures vanquished.

Vanquished Creatures (collateral kills)
  A water moccasin (D:5)
  2 ogres (D:4)
  A phantom (D:5)
  2 wights (D:4)
  An orc wizard (D:3)
  An adder (D:5)
  2 jackals (D:3)
10 creatures vanquished.

Grand Total: 95 creatures vanquished

Notes
Turn   | Place    | Note
-------+----------+-------------------------------------------
     0 | D:1      | galech the Demonspawn Fighter began the quest for the Orb.
     0 | D:1      | Reached XP level 1. HP: 18/18 MP: 1/1
   380 | D:1      | Gained mutation: You are partially covered in thin metallic
                  | scales. (AC +2) [demonic ancestry]
   380 | D:1      | Reached XP level 2. HP: 24/24 MP: 2/2
   583 | D:2      | Reached skill level 2 in Axes
   913 | D:2      | Reached XP level 3. HP: 22/29 MP: 3/3
  1308 | D:2      | Reached XP level 4. HP: 23/35 MP: 4/4
  2055 | D:3      | Reached skill level 3 in Axes
  2075 | D:3      | Found a basalt altar of Yredelemnul.
  2200 | D:3      | Found an opulent altar of Gozag.
  2353 | D:3      | Found a radiant altar of Vehumet.
  2354 | D:3      | Found a snail-covered altar of Cheibriados.
  2356 | D:3      | Found a shattered altar of Ashenzari.
  2414 | D:3      | Gained mutation: A weak demonic guardian rushes to your
                  | aid. [demonic ancestry]
  2414 | D:3      | Reached XP level 5. HP: 41/41 MP: 5/5
  2495 | D:3      | Found a sparkling altar of Nemelex Xobeh.
  2495 | D:3      | Noticed Jessica
  2499 | D:3      | Killed Jessica
  2701 | D:4      | Gained mutation: You have a pair of small antennae on your
                  | head. [demonic ancestry]
  2701 | D:4      | Reached XP level 6. HP: 37/48 MP: 6/6
  2710 | D:4      | Reached skill level 4 in Axes
  2835 | D:4      | Reached skill level 1 in Dodging
  3219 | D:4      | Found Hog Qoc's Food Boutique.
  3224 | D:4      | Reached XP level 7. HP: 54/54 MP: 7/7
  3525 | D:4      | Found a sacrificial altar of Ru.
  3628 | D:4      | Found a shadowy altar of Dithmenos.
  3639 | D:4      | Reached skill level 5 in Axes
  4034 | D:5      | Entered Level 5 of the Dungeon
  4047 | D:5      | Reached skill level 1 in Stealth
  4123 | D:5      | Reached skill level 6 in Axes
  4148 | D:5      | Gained mutation: You are slightly more attuned to the
                  | shadows. [demonic ancestry]
  4148 | D:5      | Reached XP level 8. HP: 56/61 MP: 8/8
  4153 | D:5      | Quit the game

Vault maps used:
D:1:      dpeg_arrival_court
D:2:      solitary_fountain, dk_noncrumbling_3
D:3:      lemuel_doored_altar, grunt_temple_overflow_open,
          yredelemnul_altar_generic, first_ration, nemelex_lonely_heart_becter
D:4:      minmay_door_path, hangedman_ru_absence, serial_shops, shop,
          nicolae_dithmenos_the_darkroom
D:5:      kennysheep_mini_moat, nicolae_tso_besieged_by_evil

Skill      XL: |  1  2  3  4  5  6  7 |
---------------+----------------------+-----
Axes           | 2 3 4 6 |  6.1
Armour         | 3 4 |  4.3
Shields        | 3 4 |  4.3
Dodging        | 1 |  1.2
Fighting       | 4 |  4.4
Stealth        | 1 |  1.1

Action                   |  1- 3 |  4- 6 |  7- 9 || total
-------------------------+-------+-------+-------++-------
Melee: War axe           |    89 |    32 |       ||   121
       Hand axe          |       |   116 |    63 ||   179
  Use: Scroll            |       |     4 |     2 ||     6
 Stab: Distracted        |       |       |     1 ||     1
  Eat: Chunk             |     1 |     7 |     3 ||    11
Armor: Scale mail        |    44 |    26 |       ||    70
       Chain mail        |       |    31 |       ||    31
       Plate armour      |       |       |    27 ||    27
Dodge: Dodged            |    36 |    30 |     6 ||    72
Block: Shield            |    51 |    73 |    28 ||   152

Table legend:
 A = Non-vault XP
 B = Vault XP
 C = Vault XP percentage of total XP
 D = Non-vault monster count
 E = Vault monster count
 F = Vault count percentage of total count
                 A         B        C        D         E       F
            +---------+---------+-------+---------+---------+-------
      Total |    1365 |      73 |   5.1 |      93 |       2 |   2.1
            +---------+---------+-------+---------+---------+-------
        D:1 |      19 |       0 |   0.0 |      12 |       0 |   0.0
        D:2 |     109 |       0 |   0.0 |      25 |       0 |   0.0
        D:3 |     135 |      37 |  21.5 |      28 |       1 |   3.4
        D:4 |     708 |      36 |   4.8 |      20 |       1 |   4.8
        D:5 |     394 |       0 |   0.0 |       8 |       0 |   0.0
            +---------+---------+-------+---------+---------+-------
